 Dungeon Crawl Stone Soup version 0.31-a0-210-gccc998df9b (webtiles) character file.

Game seed: 13398331408158978141

108 Hubris850 the Insei (level 4, 0/28 HPs)
             Began as an Octopode Transmuter on June 29, 2023.
             Slain by a gnoll
             ... wielding a +0 whip
              (3 damage)
             ... on level 2 of the Dungeon.
             The game lasted 00:03:43 (1428 turns).

Hubris850 the Insei (Octopode Transmuter)           Turns: 1428, Time: 00:03:44

Health: 0/28       AC:  1    Str:  9    XL:     4   Next: 87%
Magic:  7/7        EV: 13    Int: 17    God:
Gold:   59         SH:  0    Dex: 12    Spells: 6/7 levels left

rFire   . .          .
                       - Unarmed
rCold   . . .        (no shield)
rNeg    . . .        (helmet currently unavailable)
rPois   .            i - amulet of regeneration
rElec   .            (no ring)
rCorr   .            (no ring)
SInv    .            (no ring)
Will    .....        (no ring)
Stlth   ++           (no ring)
HPRegen 1.04/turn    (no ring)
MPRegen 0.10/turn    (no ring)
                     (no ring)

%: no passive effects
@: appendages (expiring)
A: tentacle spike 3, almost no armour, amphibious, 8 rings, camouflage 1,
gelatinous body 1, (nimble swimmer 1), tentacles
a: End Transformation


You were on level 2 of the Dungeon.
One of your tentacles had grown a beastly spike.
You visited 1 branch of the dungeon, and saw 2 of its levels.

You collected 59 gold pieces.

Inventory:

Missiles
 g - 6 javelins
Jewellery
 i - an amulet of regeneration (around mantle)
Scrolls
 b - a scroll of enchant weapon {unknown}
 c - a scroll of enchant armour {unknown}
 e - a scroll of teleportation {unknown}
 h - a scroll of vulnerability {unknown}
 j - 2 scrolls of identify {unknown}
 k - a scroll of torment {unknown}
 l - a scroll of blinking {unknown}
 m - a scroll of silence {unknown}
Potions
 a - a potion of lignification
 d - a potion of attraction {unknown}
 f - 2 potions of curing {unknown}


   Skills:
 - Level 1.0 Fighting
 - Level 2.0 Dodging
 - Level 5.0 Unarmed Combat
 + Level 2.1 Spellcasting
 + Level 2.2 Transmutations
 + Level 0.6 Ice Magic
 + Level 1.0 Poison Magic


You had 6 spell levels left.
You knew the following spells:

 Your Spells              Type           Power      Damage    Failure   Level
a - Beastly Appendage     Tmut           18%        N/A       8%          1

Your spell library contained the following spells:

 Spells                   Type           Power      Damage    Failure   Level
 Wereblood                Tmut           9%         N/A       12%         2
 Spider Form              Tmut/Pois      7%         N/A       28%         3
 Ice Form                 Ice/Tmut       6%         N/A       71%         4


Dungeon Overview and Level Annotations

Branches:
Dungeon (2/15)

Altars:


Innate Abilities, Weirdness & Mutations

One of your tentacles has grown a beastly spike.
You cannot wear most types of armour.
You are amphibious.
You can wear up to eight rings at the same time.
Your skin changes colour to match your surroundings (Stealth+).
Your rubbery body absorbs attacks. (AC +1, EV +1)
((You are camouflaged when in or above water. (Stealth+)))
You have tentacles for arms and can constrict up to eight enemies at once.


Message History

You constrict the gnoll. The gnoll closely misses you.
You tentacle-slap the gnoll.
You kill the gnoll!
The gnoll hits you from afar with a +0 spear.
The gnoll misses you.
You see here a +0 club.
You closely miss the gnoll. You grab the gnoll.
You pierce the gnoll.
You squeeze the gnoll.
The gnoll is severely wounded.
You constrict the gnoll. The gnoll barely misses you.
You tentacle-slap the gnoll.
You kill the gnoll!
Your Poison Magic skill increases to level 1!
Your transformation is almost over.
A gnoll comes into view. It is wielding a +0 whip.
The gnoll shouts!
You hear a shout!
You see here a +0 club.
The gnoll barely misses you.
Things that are here:
a +0 spear; a gnoll corpse You closely miss the gnoll.
Your grab misses the gnoll.
Your tentacle spike misses the gnoll.
The gnoll hits you with a +0 whip!
You barely miss the gnoll. Your grab misses the gnoll.
You pierce the gnoll, but do no damage.
The gnoll hits you with a +0 whip!
You tentacle-slap the gnoll. You grab the gnoll. You squeeze the gnoll.
The gnoll is lightly wounded.
You constrict the gnoll. The gnoll hits you with a +0 whip.
* * * LOW HITPOINT WARNING * * *
You tentacle-slap the gnoll but do no damage.
You pierce the gnoll.
The gnoll is heavily wounded.
You constrict the gnoll. The gnoll barely misses you.
The gnoll hits you with a +0 club.
* * * LOW HITPOINT WARNING * * *
You tentacle-slap the gnoll but do no damage.
You grab the gnoll.
You pierce the gnoll, but do no damage.
You squeeze the gnoll.
The gnoll is lightly wounded.
You constrict the gnoll. x2; The gnoll hits you with a +0 whip.
You die...

.........................##..#.#.
......)<...##..#.......#..##.#...
....)......##.........##...##..##
##......###.#..##.# .#####.....##
#.....#.# . ..........##
#...#†..# ....######.###
#.#.....# ....### #)# #.#####.#
.......###@#######. #..
?......>.gg........ ####
.......##.......... .......
#.......... ....^.. ##.........
....... #......... .......
#......... ....... ......<...
.$...g. ..........


You could see 2 gnolls.

Vanquished Creatures
  2 gnolls (D:2)
  3 adders (D:2)
  A worm (D:2)
  3 dart slugs
  5 ball pythons
  A bat (D:2)
  3 endoplasms
  3 giant cockroaches
  4 goblins
  5 hobgoblins
  6 jackals (D:1)
  2 quokkas (D:1)
  2 frilled lizards
  5 kobolds
  5 rats
50 creatures vanquished.

Notes
Turn   | Place    | Note
-------+----------+-------------------------------------------
     0 | D:1      | Hubris850 the Octopode Transmuter began the quest for the
                  | Orb.
     0 | D:1      | Reached XP level 1. HP: 13/13 MP: 3/3
    72 | D:1      | Reached XP level 2. HP: 16/18 MP: 5/5
   548 | D:1      | Reached skill level 4 in Unarmed Combat
   603 | D:1      | Reached XP level 3. HP: 23/23 MP: 4/6
  1085 | D:2      | Reached XP level 4. HP: 28/28 MP: 7/7
  1223 | D:2      | Reached skill level 5 in Unarmed Combat
  1421 | D:2      | Reached skill level 1 in Poison Magic
  1428 | D:2      | Slain by a gnoll

Illustrated notes

Levels and vault maps discovered:
D:1:      reono_arrival_forest_river, layout_basic
D:2:      layout_rooms, basic_altar, minmay_parallelograms, minmay_heptomino_h4,
          uniq_natasha

Skill      XL: |  1  2  3  4 |
---------------+-------------+-----
Unarmed Combat | 4 5 |  5.0
Poison Magic   | 1 |  1.0
Fighting       | |  1.0
Dodging        | |  2.0
Spellcasting   | |  2.1
Transmutations | |  2.2
Ice Magic      | |  0.6

Action                     |  1- 3 |  4- 6 || total
---------------------------+-------+-------++-------
  Melee: Unarmed           |    63 |    37 ||   100
         Constrict         |    18 |    10 ||    28
         Tentacles         |    10 |     5 ||    15
         Kick              |     6 |     9 ||    15
   Cast: Beastly Appendage |     9 |     7 ||    16
   Stab: Sleeping          |     5 |     1 ||     6
 Armour: Skin              |     6 |       ||     6
  Dodge: Dodged            |    30 |    17 ||    47

Table legend: (Time is in decaauts)
 A = Elapsed time spent in this place.
 B = Non-inter-level travel time spent in this place.
 C = Inter-level travel time spent in this place.
 D = Time resting spent in this place.
 E = Time spent auto-exploring this place.
 F = Levels seen in this place.
 G = Mean time per level.
                   A        B        C        D        E       F      G
               +--------+--------+--------+--------+--------+-----+--------+
         Total |   1419 |   1380 |     39 |     60 |    974 |   2 |  709.5 |
       Dungeon |   1419 |   1380 |     39 |     60 |    974 |   2 |  709.5 |
               +--------+--------+--------+--------+--------+-----+--------+

Top non-repeatable levels by time:
     D:1: 1010 daAuts
     D:2: 409 daAuts
